[Event "Nordic Youth Chess Championships 2022: Class A - U20"]
[Site "Scandic Helsingborg Nord, Florettgatan 41, Helsingborg, Sweden"]
[Date "2022.08.26"]
[Round "1.1"]
[White "Petersen, Daniel"]
[Black "Stefansson, Vignir Vatnar"]
[Result "0-1"]
[WhiteElo "1966"]
[BlackElo "2445"]
[TimeControl "90 minutes with 30 seconds increment per move."]
[BlackTitle "IM"]
[WhiteFideId "1466577"]
[BlackFideId "2308649"]

1.d4 g6 2.c4 Bg7 3.Nc3 c5 4.Nf3 cxd4 5.Nxd4 Nc6 6.e3 Nf6 7.Be2 O-O 8.O-O 
Qa5 9.Bf3 Ne5 10.Be2 d6 11.f4 Nc6 12.Bf3 Bd7 13.a3 Rac8 14.Qe2 a6 15.Rd1 
Qc7 16.b3 Nxd4 17.exd4 b5 18.Bb2 bxc4 19.bxc4 Qxc4 20.Qxe7 Rb8 21.Rab1 Bf5
22.Be2 Qc6 23.Bf3 d5 24.Rbc1 Rxb2 25.Nxd5 Qe6 26.Qxe6 fxe6 27.Ne7+ Kh8 28.
Nxf5 exf5 29.Rc6 Ne4 30.Rxa6 Nd2 31.d5 Nxf3+ 32.gxf3 Rd8 33.d6 Bf8 34.Rc6 
Rb7 35.a4 Rbd7 36.h4 Bxd6 37.h5 Bc5+ 0-1

[Event "Nordic Youth Chess Championships 2022: Class A - U20"]
[Site "Scandic Helsingborg Nord, Florettgatan 41, Helsingborg, Sweden"]
[Date "2022.08.26"]
[Round "1.2"]
[White "Torngren, Gustav"]
[Black "Skahlberg Bjerknes-Lima De Faria, Warg"]
[Result "1-0"]
[WhiteElo "2247"]
[BlackElo "1778"]
[TimeControl "90 minutes with 30 seconds increment per move."]
[WhiteTitle "FM"]
[WhiteFideId "1728970"]
[BlackFideId "1738100"]

1.e4 c5 2.Nc3 g6 3.Bc4 Nc6 4.d3 Bg7 5.a3 a6 6.Ba2 b5 7.h4 Nf6 8.g4 h5 9.g5
Ng4 10.f3 Nge5 11.Nd5 d6 12.Ne3 Rb8 13.c3 b4 14.axb4 cxb4 15.d4 bxc3 16.
bxc3 Nd7 17.Ne2 Nb6 18.O-O O-O 19.f4 Kh7 20.f5 Bb7 21.Nf4 Nd7 22.Bxf7 Rxf7
23.fxg6+ Kh8 24.Qxh5+ Kg8 25.Qh7+ Kf8 26.Ne6+ Ke8 27.gxf7# 1-0

[Event "Nordic Youth Chess Championships 2022: Class A - U20"]
[Site "Scandic Helsingborg Nord, Florettgatan 41, Helsingborg, Sweden"]
[Date "2022.08.26"]
[Round "1.3"]
[White "Halvorsen, Benjamin"]
[Black "Mai, Alexander Oliver"]
[Result "0-1"]
[WhiteElo "1767"]
[BlackElo "2158"]
[TimeControl "90 minutes with 30 seconds increment per move."]
[WhiteFideId "1516604"]
[BlackFideId "2313391"]

1.e4 c5 2.Nf3 d6 3.d4 cxd4 4.Nxd4 Nf6 5.Nc3 Nc6 6.Bg5 e6 7.Qd2 a6 8.O-O-O 
Bd7 9.f4 h6 10.Bxf6 Qxf6 11.Nf3 Qd8 12.g4 Qc7 13.g5 O-O-O 14.Qe3 g6 15.
gxh6 Bxh6 16.Nd2 Kb8 17.Nc4 d5 0-1

[Event "Nordic Youth Chess Championships 2022: Class A - U20"]
[Site "Scandic Helsingborg Nord, Florettgatan 41, Helsingborg, Sweden"]
[Date "2022.08.26"]
[Round "1.4"]
[White "Muntean, Victor"]
[Black "Morkore, Rogvi"]
[Result "1-0"]
[WhiteElo "2125"]
[BlackElo "1727"]
[TimeControl "90 minutes with 30 seconds increment per move."]
[WhiteFideId "1054414"]
[BlackFideId "7202563"]

1.e4 e6 2.b3 c5 3.Bb2 Nc6 4.e5 d5 5.exd6 Qxd6 6.Nf3 Nf6 7.Na3 Qd8 8.Qe2 
Be7 9.O-O-O O-O 10.g4 a5 11.g5 Nd5 12.Qe4 a4 13.Bd3 g6 14.h4 Ndb4 15.h5 
Nxd3+ 16.cxd3 e5 17.hxg6 fxg6 18.Nxe5 Nxe5 19.Qxe5 Bf6 20.gxf6 Rf7 21.Rdg1
Bf5 22.Qxf5 1-0

[Event "Nordic Youth Chess Championships 2022: Class A - U20"]
[Site "Scandic Helsingborg Nord, Florettgatan 41, Helsingborg, Sweden"]
[Date "2022.08.26"]
[Round "1.5"]
[White "Hannesarson, Silas G."]
[Black "Koch-Muller, Oscar"]
[Result "1-0"]
[WhiteElo "1651"]
[BlackElo "2077"]
[TimeControl "90 minutes with 30 seconds increment per move."]
[WhiteFideId "7203845"]
[BlackFideId "1447955"]

1.d4 e6 2.Bf4 c5 3.e3 Qb6 4.Nc3 a6 5.Rb1 Nf6 6.a3 d5 7.Nf3 Nc6 8.Be2 Bd7 
9.h3 Be7 10.O-O cxd4 11.exd4 O-O 12.Re1 Qa7 13.Be3 b5 14.Ne5 b4 15.Nxc6 
Bxc6 16.axb4 Bxb4 17.Qd3 Ne4 18.Bd2 e5 19.Rbd1 exd4 20.Nxe4 dxe4 21.Qc4 
Bxd2 22.Rxd2 e3 23.Rxd4 exf2+ 24.Kxf2 Rad8 25.c3 Rxd4 26.Qxd4 Qb7 27.b4 g6
28.Bf1 Qc8 29.Rd1 Qf5+ 30.Kg1 a5 31.Qb6 Qc2 32.Rd8 Qxc3 33.Rxf8+ Kxf8 34.
bxa5 Qc2 35.a6 Qe4 36.a7 h5 37.Qc5+ Kg8 38.Qf2 Ba8 39.Be2 Qc6 40.Bf3 Qc1+ 
41.Qf1 Qc5+ 42.Qf2 Qc1+ 43.Qf1 Qa3 44.Qf2 Qa1+ 45.Kh2 Qe5+ 46.Qg3 Qe8 47.
Qb8 Kf8 48.Qxe8+ Kxe8 49.Bxa8 1-0

[Event "Nordic Youth Chess Championships 2022: Class A - U20"]
[Site "Scandic Helsingborg Nord, Florettgatan 41, Helsingborg, Sweden"]
[Date "2022.08.26"]
[Round "1.6"]
[White "Hausken, Andreas Skrede"]
[Black "Tuominen, Matias"]
[Result "1-0"]
[WhiteElo "2042"]
[BlackElo "1560"]
[TimeControl "90 minutes with 30 seconds increment per move."]
[WhiteFideId "1533100"]
[BlackFideId "514900"]

1.e4 c6 2.d4 d5 3.e5 c5 4.dxc5 e6 5.Be3 Qc7 6.Nf3 Bxc5 7.Bxc5 Qxc5 8.Nc3 
Bd7 9.Bd3 Ne7 10.O-O Ng6 11.Qd2 Nc6 12.Rfe1 Rc8 13.h4 Nd4 14.Nxd4 Qxd4 15.
Nb5 Qxh4 16.Nd6+ Ke7 17.g3 Qd4 18.Qg5+ f6 19.Nxc8+ Rxc8 20.exf6+ Qxf6 21.
Qh5 Bc6 22.Bxg6 hxg6 23.Qe5 d4 24.f4 Qxe5 25.Rxe5 Rh8 26.Rae1 Rh1+ 27.Kf2 
Rh2+ 28.Kf1 Rxc2 29.R1e2 d3 30.Rxc2 dxc2 31.Rc5 Be4 32.Kf2 Kd6 33.Rc3 b5 
34.b4 a5 35.a3 axb4 36.axb4 g5 37.Ke3 Bd5 38.Rxc2 gxf4+ 39.gxf4 Ke7 40.Kd4
Kd6 41.Rc5 Bc4 42.Rg5 Bf1 43.Rxg7 Bc4 44.Rg6 Ke7 1-0

[Event "Nordic Youth Chess Championships 2022: Class A - U20"]
[Site "Scandic Helsingborg Nord, Florettgatan 41, Helsingborg, Sweden"]
[Date "2022.08.26"]
[Round "2.1"]
[White "Stefansson, Vignir Vatnar"]
[Black "Muntean, Victor"]
[Result "1-0"]
[WhiteElo "2445"]
[BlackElo "2125"]
[TimeControl "90 minutes with 30 seconds increment per move."]
[WhiteTitle "IM"]
[WhiteFideId "2308649"]
[BlackFideId "1054414"]

1.d4 d5 2.Nf3 Nf6 3.g3 Bf5 4.c4 e6 5.Nc3 h6 6.Bg2 c6 7.Qb3 b6 8.O-O Bd6 9.
Ne5 Bxe5 10.dxe5 Nfd7 11.cxd5 exd5 12.Nxd5 Be6 13.e4 O-O 14.Qc2 cxd5 15.
exd5 Bg4 16.h3 Bxh3 17.Bxh3 Nxe5 18.f4 Ned7 19.d6 Na6 20.Qc4 Ndc5 21.b4 b5
22.Qd4 Ne6 23.Bxe6 fxe6 24.Bb2 Qd7 25.Rfe1 Rfe8 26.Rac1 Rad8 27.Rc2 Qf7 
28.Rce2 Rd7 29.Kg2 Nb8 30.Qc5 Na6 31.Qd4 Nb8 32.a3 Nc6 33.Qc5 Nd8 34.f5 e5
35.Rxe5 Rxe5 36.Qxe5 Nc6 37.Qc5 Qc4 38.Re6 Nd8 39.Re7 Qb3 40.Rxd7 Qxb2+ 
41.Kh3 Qf6 42.Re7 Qa1 43.Qd5+ Kh7 44.d7 Qf1+ 45.Kh2 Nf7 46.Rxf7 Qe2+ 47.
Qg2 Qh5+ 48.Kg1 Qd1+ 49.Qf1 Qd4+ 50.Qf2 Qd1+ 51.Kg2 Qd5+ 52.Kh2 1-0

[Event "Nordic Youth Chess Championships 2022: Class A - U20"]
[Site "Scandic Helsingborg Nord, Florettgatan 41, Helsingborg, Sweden"]
[Date "2022.08.26"]
[Round "2.2"]
[White "Hausken, Andreas Skrede"]
[Black "Torngren, Gustav"]
[Result "0-1"]
[WhiteElo "2042"]
[BlackElo "2247"]
[TimeControl "90 minutes with 30 seconds increment per move."]
[BlackTitle "FM"]
[WhiteFideId "1533100"]
[BlackFideId "1728970"]

1.e4 b6 2.d4 Bb7 3.Bd3 e6 4.Nf3 c5 5.c3 Nf6 6.Qe2 d5 7.e5 Nfd7 8.O-O Be7 
9.Nbd2 Nc6 10.a3 a5 11.Re1 g5 12.h3 h5 13.g4 Qc7 14.Nf1 O-O-O 15.Ng3 hxg4 
16.hxg4 Kb8 17.Be3 f6 18.exf6 Bxf6 19.Bxg5 Rdg8 20.Bxf6 Nxf6 21.Ne5 cxd4 
22.Nxc6+ Bxc6 23.Qe5 Nxg4 24.Qxc7+ Kxc7 25.cxd4 Kd6 26.Bf1 Rf8 27.Re2 Rf4 
28.Rae1 Bd7 29.Rd2 Rh4 30.Bg2 Nh6 31.Ne2 Rfg4 32.f3 Rg8 33.Kf2 Rh2 34.Ng3 
Rxg2+ 35.Kxg2 Nf5 36.Kf2 Rxg3 37.Rh1 Rg8 38.Rh7 Rc8 39.Rh1 Rc4 40.Rhd1 Ba4
0-1

[Event "Nordic Youth Chess Championships 2022: Class A - U20"]
[Site "Scandic Helsingborg Nord, Florettgatan 41, Helsingborg, Sweden"]
[Date "2022.08.26"]
[Round "2.3"]
[White "Mai, Alexander Oliver"]
[Black "Hannesarson, Silas G."]
[Result "1-0"]
[WhiteElo "2158"]
[BlackElo "1651"]
[TimeControl "90 minutes with 30 seconds increment per move."]
[WhiteFideId "2313391"]
[BlackFideId "7203845"]

1.e4 c6 2.Nc3 d5 3.Nf3 Bg4 4.h3 Bxf3 5.Qxf3 e6 6.Be2 Nd7 7.d4 dxe4 8.Nxe4 
Ngf6 9.O-O Nxe4 10.Qxe4 Nf6 11.Qd3 Bd6 12.Bd2 O-O 13.Rad1 Qc7 14.Qf3 h6 
15.Rfe1 Nd5 16.c4 Nf4 17.Bf1 Ng6 18.Bd3 Rae8 19.Qg4 Qe7 20.Bxg6 fxg6 21.
Qxg6 Rf6 22.Qe4 Qf7 23.Be3 a6 24.Re2 Qh5 25.Rdd2 Rg6 26.Kh1 Rf8 27.a3 Rff6
28.f3 Rg3 29.Bg1 Rgg6 30.Bh2 Bg3 31.Bxg3 Rxg3 32.Kh2 Rfg6 33.d5 Qg5 34.
dxe6 Rxh3+ 35.Kg1 Qg3 36.Qxg6 Qxg6 37.e7 1-0

[Event "Nordic Youth Chess Championships 2022: Class A - U20"]
[Site "Scandic Helsingborg Nord, Florettgatan 41, Helsingborg, Sweden"]
[Date "2022.08.26"]
[Round "2.4"]
[White "Koch-Muller, Oscar"]
[Black "Halvorsen, Benjamin"]
[Result "0-1"]
[WhiteElo "2077"]
[BlackElo "1767"]
[TimeControl "90 minutes with 30 seconds increment per move."]
[WhiteFideId "1447955"]
[BlackFideId "1516604"]

1.d4 f5 2.c4 Nf6 3.Nc3 g6 4.h4 h6 5.Nh3 Bg7 6.Nf4 Kf7 7.e4 d6 8.h5 g5 9.
Ng6 Re8 10.Bd3 e5 11.dxe5 dxe5 12.c5 Kg8 13.Bc4+ Kh7 14.Qb3 Nc6 15.Bf7 Be6
16.Bxe6 Nd4 17.Qc4 Rxe6 18.exf5 Re8 19.Ne2 Qd7 20.Be3 Nxf5 21.Rd1 Nxe3 22.
fxe3 Qc6 23.O-O Nxh5 24.Qf7 Qxg6 25.Qxc7 Qe4 26.Nc3 Qxe3+ 27.Kh2 Qg3+ 28.
Kg1 Nf4 29.Rd2 Nh3+ 30.Kh1 Rf8 31.Rf7 Rxf7 32.Qxf7 Rf8 33.Qc4 Qe1+ 34.Kh2 
Qxd2 35.Kxh3 Rf4 36.Ne4 Rh4+ 37.Kg3 Qf4# 0-1

[Event "Nordic Youth Chess Championships 2022: Class A - U20"]
[Site "Scandic Helsingborg Nord, Florettgatan 41, Helsingborg, Sweden"]
[Date "2022.08.26"]
[Round "2.5"]
[White "Morkore, Rogvi"]
[Black "Petersen, Daniel"]
[Result "0-1"]
[WhiteElo "1727"]
[BlackElo "1966"]
[TimeControl "90 minutes with 30 seconds increment per move."]
[WhiteFideId "7202563"]
[BlackFideId "1466577"]

1.e4 c5 2.Nf3 Nc6 3.Bb5 e6 4.Bxc6 bxc6 5.d3 Ne7 6.Nc3 Ng6 7.h4 h5 8.Ne2 
Be7 9.g3 e5 10.c4 d6 11.Qa4 Qb6 12.Nd2 Bg4 13.f3 Bd7 14.Nf1 O-O 15.Qc2 f5 
16.exf5 Bxf5 17.Ne3 Bd7 18.Ng1 Rf7 19.Bd2 Nf8 20.g4 hxg4 21.fxg4 Ne6 22.
Nf5 Nd4 23.Nxd4 cxd4 24.g5 Bg4 25.g6 Rf5 26.Ne2 Raf8 27.Ng3 Rf3 28.Ne4 
Bxh4+ 0-1

[Event "Nordic Youth Chess Championships 2022: Class A - U20"]
[Site "Scandic Helsingborg Nord, Florettgatan 41, Helsingborg, Sweden"]
[Date "2022.08.26"]
[Round "2.6"]
[White "Skahlberg Bjerknes-Lima De Faria, Warg"]
[Black "Tuominen, Matias"]
[Result "1-0"]
[WhiteElo "1778"]
[BlackElo "1560"]
[TimeControl "90 minutes with 30 seconds increment per move."]
[WhiteFideId "1738100"]
[BlackFideId "514900"]

1.c4 e5 2.g3 c6 3.d4 d6 4.Bg2 Be6 5.b3 Be7 6.Bb2 exd4 7.Bxd4 Nf6 8.Nf3 d5 
9.cxd5 Bxd5 10.O-O O-O 11.Bb2 Ne4 12.Nc3 Nxc3 13.Bxc3 Nd7 14.Qc2 Nf6 15.
Rad1 Qc8 16.Ng5 g6 17.e4 Be6 18.Qb2 Ne8 19.Nxe6 Qxe6 20.f4 Nf6 21.f5 gxf5 
22.Rxf5 Nxe4 23.Bxe4 Qxe4 24.Re5 Qg4 25.Rd4 Qf3 26.Rxe7 Rad8 27.Rd2 Rde8 
28.Rde2 Rd8 29.Re1 Rd3 30.Bg7 Qd5 31.Bxf8 1-0

[Event "Nordic Youth Chess Championships 2022: Class A - U20"]
[Site "Scandic Helsingborg Nord, Florettgatan 41, Helsingborg, Sweden"]
[Date "2022.08.27"]
[Round "3.1"]
[White "Torngren, Gustav"]
[Black "Stefansson, Vignir Vatnar"]
[Result "0-1"]
[WhiteElo "2247"]
[BlackElo "2445"]
[TimeControl "90 minutes with 30 seconds increment per move."]
[WhiteTitle "FM"]
[BlackTitle "IM"]
[WhiteFideId "1728970"]
[BlackFideId "2308649"]

1.Nf3 d5 2.d4 Nf6 3.c4 e6 4.Nc3 dxc4 5.e4 b5 6.e5 Nd5 7.Nxb5 Nb6 8.Nc3 Nc6
9.Be3 Be7 10.Be2 O-O 11.h4 Bb7 12.h5 Nb4 13.Qd2 c5 14.dxc5 Qxd2+ 15.Kxd2 
Rfd8+ 16.Kc1 N6d5 17.a3 Nxe3 18.axb4 Nxg2 19.Rd1 Rxd1+ 20.Bxd1 Nf4 21.Nb5 
Nd3+ 22.Kd2 Nxb4 23.Nd6 Bd5 24.Kc3 Nc6 25.Ra6 Rb8 26.Nd2 Nxe5 27.Rxa7 Nc6 
0-1

[Event "Nordic Youth Chess Championships 2022: Class A - U20"]
[Site "Scandic Helsingborg Nord, Florettgatan 41, Helsingborg, Sweden"]
[Date "2022.08.27"]
[Round "3.2"]
[White "Muntean, Victor"]
[Black "Mai, Alexander Oliver"]
[Result "1-0"]
[WhiteElo "2125"]
[BlackElo "2158"]
[TimeControl "90 minutes with 30 seconds increment per move."]
[WhiteFideId "1054414"]
[BlackFideId "2313391"]

1.e4 c5 2.c3 Nf6 3.e5 Nd5 4.d4 cxd4 5.Nf3 d6 6.cxd4 Nc6 7.Bc4 dxe5 8.Nxe5 
e6 9.O-O Be7 10.Re1 O-O 11.Nc3 Nxe5 12.Bxd5 Nc6 13.Bxc6 bxc6 14.b3 Bb4 15.
Bb2 Qa5 16.Re5 Qc7 17.Ne4 f6 18.Rh5 Qf4 19.Nc5 Rd8 20.Nd3 Qd6 21.a3 g6 22.
Qg4 e5 23.Qh4 gxh5 24.axb4 exd4 25.Ra5 a6 26.Rxh5 Ra7 27.Nc5 Rf7 28.Ne4 
Qe7 29.h3 Be6 30.Rh6 f5 31.Nf6+ Rxf6 32.Rxf6 Bf7 33.Bxd4 Rxd4 34.Qxd4 Bxb3
35.Rxf5 Bd5 36.Re5 Qf7 37.Rg5+ Kf8 38.Qh8+ Ke7 39.Rg7 1-0

[Event "Nordic Youth Chess Championships 2022: Class A - U20"]
[Site "Scandic Helsingborg Nord, Florettgatan 41, Helsingborg, Sweden"]
[Date "2022.08.27"]
[Round "3.3"]
[White "Halvorsen, Benjamin"]
[Black "Hausken, Andreas Skrede"]
[Result "1/2-1/2"]
[WhiteElo "1767"]
[BlackElo "2042"]
[TimeControl "90 minutes with 30 seconds increment per move."]
[WhiteFideId "1516604"]
[BlackFideId "1533100"]

1.e4 e5 2.Nf3 Nc6 3.Bc4 Nf6 4.Ng5 d5 5.exd5 Na5 6.Bb5+ c6 7.dxc6 bxc6 8.
Bd3 Nd5 9.Nf3 Bd6 10.Be2 Nf4 11.O-O Nxg2 12.Kxg2 e4 13.d3 exf3+ 14.Bxf3 
Qh4 15.Re1+ Be6 16.Rxe6+ fxe6 17.h3 O-O 18.Nc3 Rf6 19.Be3 Rg6+ 20.Kf1 
Qxh3+ 21.Ke2 Rf6 22.Qh1 Qxh1 23.Rxh1 Bf4 24.b4 Bxe3 25.Kxe3 Raf8 26.Rh3 
Nb7 27.Bxc6 Nd6 28.Ne4 Nxe4 29.Bxe4 g6 30.f3 e5 31.c4 Rb8 32.b5 Kg7 33.Rh2
Rd6 34.a4 h5 35.c5 Rd4 36.c6 Rxa4 37.c7 Rc8 38.Rc2 Rxe4+ 39.Kxe4 Kf6 40.
Rc6+ Ke7 41.Kxe5 Kd7 42.Rxg6 Re8+ 43.Kf4 Kxc7 44.Kg5 Re5+ 45.Kh4 Rxb5 46.
f4 Rd5 47.Rg5 Rd4 48.Rc5+ Kb6 49.Rc4 Rxd3 50.Kxh5 a5 51.f5 Rf3 52.Kg6 Kb5 
53.Rc8 a4 54.f6 a3 55.f7 Kb4 56.f8=Q+ Rxf8 57.Rxf8 a2 58.Ra8 Kb3 59.Rxa2 
Kxa2 1/2-1/2

[Event "Nordic Youth Chess Championships 2022: Class A - U20"]
[Site "Scandic Helsingborg Nord, Florettgatan 41, Helsingborg, Sweden"]
[Date "2022.08.27"]
[Round "3.4"]
[White "Petersen, Daniel"]
[Black "Skahlberg Bjerknes-Lima De Faria, Warg"]
[Result "1-0"]
[WhiteElo "1966"]
[BlackElo "1778"]
[TimeControl "90 minutes with 30 seconds increment per move."]
[WhiteFideId "1466577"]
[BlackFideId "1738100"]

1.d4 Nf6 2.c4 c5 3.Nf3 cxd4 4.Nxd4 g6 5.Nc3 Nc6 6.g3 Bg7 7.Bg2 O-O 8.O-O 
Nxd4 9.Qxd4 d6 10.Qd3 Rb8 11.e4 b6 12.b3 Bb7 13.Bb2 Qd7 14.Rad1 Rfd8 15.
Rfe1 Qe8 16.Qc2 Rdc8 17.Qe2 Nd7 18.Bh3 a6 19.f4 Rc7 20.Nd5 Bxd5 21.exd5 
Bxb2 22.Qxb2 b5 23.Qe2 Nc5 24.f5 bxc4 25.bxc4 Qa4 26.fxg6 hxg6 27.Rd4 Qe8 
28.Rf4 Rcb7 29.Qe3 Rb1 30.Rff1 R1b7 31.Qg5 Rc7 32.Be6 fxe6 33.dxe6 Nxe6 
34.Rxe6 Kg7 35.Rf4 Rb1+ 36.Kg2 Rb2+ 37.Kh3 Rc2 38.Rh4 Qf7 39.Qh6+ Kg8 40.
Qh8# 1-0

[Event "Nordic Youth Chess Championships 2022: Class A - U20"]
[Site "Scandic Helsingborg Nord, Florettgatan 41, Helsingborg, Sweden"]
[Date "2022.08.27"]
[Round "3.5"]
[White "Hannesarson, Silas G."]
[Black "Morkore, Rogvi"]
[Result "1/2-1/2"]
[WhiteElo "1651"]
[BlackElo "1727"]
[TimeControl "90 minutes with 30 seconds increment per move."]
[WhiteFideId "7203845"]
[BlackFideId "7202563"]

1.d4 Nf6 2.Bf4 c5 3.e3 Qb6 4.Nc3 Qxb2 5.Nb5 Nd5 6.Rb1 Qxa2 7.Ra1 Qb2 8.Rb1
Qa2 9.Ra1 Qb2 10.Rb1 Qa2 11.Ra1 Qb2 1/2-1/2

[Event "Nordic Youth Chess Championships 2022: Class A - U20"]
[Site "Scandic Helsingborg Nord, Florettgatan 41, Helsingborg, Sweden"]
[Date "2022.08.27"]
[Round "3.6"]
[White "Tuominen, Matias"]
[Black "Koch-Muller, Oscar"]
[Result "0-1"]
[WhiteElo "1560"]
[BlackElo "2077"]
[TimeControl "90 minutes with 30 seconds increment per move."]
[WhiteFideId "514900"]
[BlackFideId "1447955"]

1.d4 Nf6 2.c4 e6 3.Nf3 b6 4.g3 Ba6 5.e3 d5 6.b3 c5 7.Be2 Bb7 8.O-O Be7 9.
Bb2 O-O 10.Nbd2 Nc6 11.a3 Rc8 12.Bd3 Re8 13.Qb1 dxc4 14.bxc4 cxd4 15.exd4 
h5 16.Re1 Na5 17.Ng5 Nxc4 18.Nxc4 Qd5 19.Ne4 Rxc4 20.Nxf6+ Bxf6 21.Be4 Qd7
22.Qd3 Rec8 23.Re2 Bxe4 24.Qxe4 Bxd4 25.Qf3 Bxb2 26.Rxb2 h4 27.Kg2 Rc3 28.
Rd1 Qa4 29.Qh5 Qe4+ 30.Kg1 hxg3 31.hxg3 Rc1 32.Rd2 Qb1 33.Kh2 Rxd1 34.Rxd1
Qc2 35.Kg2 Qc6+ 36.Kh2 Qc5 37.Qf3 Qe7 38.Rd4 Rd8 39.Rh4 Qf6 40.Rf4 Qh6+ 
41.Rh4 Qg6 42.Rg4 Qd3 43.Qf6 Qh7+ 44.Kg2 Qe4+ 45.Kh2 Qh7+ 46.Kg2 Qe4+ 47.
Kh2 Qxg4 48.Qxd8+ Kh7 49.Qe7 Qh5+ 50.Kg1 a5 51.Qd8 Qc5 52.Qh4+ Kg8 53.Qd8+
Kh7 54.Qh4+ Kg6 55.Qg4+ Qg5 56.Qe4+ Qf5 57.Qd4 b5 58.Qc3 b4 59.axb4 Qb1+ 
60.Kh2 axb4 61.Qd4 b3 62.Qg4+ Kf6 63.Qd4+ e5 64.Qd6+ Kf5 65.Qd7+ Kg6 66.
Qg4+ Kf6 67.Qh4+ Kg6 68.Qg4+ Kf6 69.Qh4+ g5 70.Qh8+ Kg6 71.Qg8+ Kf6 72.
Qh8+ Ke6 73.Qe8+ Kd6 74.Qf8+ Kc6 75.Qc8+ Kb5 76.Qb7+ Ka4 77.Qa7+ Kb4 78.
Qe7+ Ka4 79.Qa7+ Kb5 80.Qb7+ Kc5 81.Qc7+ Kd4 82.Qd6+ Ke4 83.Qc6+ Kf5 84.
Qc8+ Ke4 85.Qc6+ Kd3 86.Qb5+ Kd2 87.Qa5+ Kc2 88.Qc5+ Kd1 89.Qd5+ Kc1 90.
Qxe5 Qc2 91.Qa1+ Kd2 92.Qa5+ Kc1 93.Qa1+ Kd2 94.Qa5+ Qc3 95.Qxg5+ Kc2 96.
Qf5+ Kc1 97.Qf4+ Qd2 98.Qc4+ Qc2 99.Qf4+ Kb1 100.Qxf7 b2 101.g4 Kc1 102.
Qf4+ Kd1 103.Qf3+ Qe2 0-1

[Event "Nordic Youth Chess Championships 2022: Class A - U20"]
[Site "Scandic Helsingborg Nord, Florettgatan 41, Helsingborg, Sweden"]
[Date "2022.08.27"]
[Round "4.1"]
[White "Stefansson, Vignir Vatnar"]
[Black "Mai, Alexander Oliver"]
[Result "1-0"]
[WhiteElo "2445"]
[BlackElo "2158"]
[TimeControl "90 minutes with 30 seconds increment per move."]
[WhiteTitle "IM"]
[WhiteFideId "2308649"]
[BlackFideId "2313391"]

1.a3 d5 2.e3 Nf6 3.Be2 e6 4.Nf3 Bd6 5.d4 O-O 6.O-O b6 7.c4 Nbd7 8.b4 dxc4 
9.Bxc4 Bb7 10.Bb2 Qe7 11.Nc3 c5 12.dxc5 bxc5 13.b5 Rfd8 14.Qe2 Nb6 15.Bb3 
a6 16.a4 Nbd5 17.Bc4 Nxc3 18.Bxc3 axb5 19.Bxb5 Nd5 20.Bb2 Nc7 21.e4 Na6 
22.Qe3 Qc7 23.g3 Nb8 24.Rac1 Ba6 25.Rfd1 Nc6 26.Bxc6 Qxc6 27.Qg5 f6 28.
Bxf6 Rd7 29.Be5 Bf8 30.Re1 Qxa4 31.Bc3 Raa7 32.Ne5 Rdc7 33.Rcd1 Ra8 34.Rd8
h6 35.Qh4 g5 36.Rxf8+ Rxf8 37.Qxh6 Qe8 38.Ng4 Rh7 39.Qxg5+ 1-0

[Event "Nordic Youth Chess Championships 2022: Class A - U20"]
[Site "Scandic Helsingborg Nord, Florettgatan 41, Helsingborg, Sweden"]
[Date "2022.08.27"]
[Round "4.2"]
[White "Muntean, Victor"]
[Black "Torngren, Gustav"]
[Result "0-1"]
[WhiteElo "2125"]
[BlackElo "2247"]
[TimeControl "90 minutes with 30 seconds increment per move."]
[BlackTitle "FM"]
[WhiteFideId "1054414"]
[BlackFideId "1728970"]

1.e4 c6 2.d4 d5 3.exd5 cxd5 4.c4 Nf6 5.Nc3 Nc6 6.Nf3 a6 7.cxd5 Nxd5 8.Bc4 
Be6 9.Nxd5 Bxd5 10.Bxd5 Qxd5 11.O-O g6 12.Bf4 Rd8 13.Be5 f6 14.Bc7 Rd7 15.
Bb6 e6 16.Qc2 Kf7 17.Rfe1 Bd6 18.a3 Qb5 19.Bc5 Bxc5 20.dxc5 Qd3 21.Qa4 
Rhd8 22.Qh4 g5 23.Qg4 Qf5 24.Qxf5 exf5 25.Kf1 f4 26.Re4 Rd3 27.h4 h6 28.b4
Rb3 29.hxg5 hxg5 30.Re2 Rh8 31.Kg1 g4 32.Nd2 Rb2 33.Rae1 f3 34.gxf3 Nd4 
35.Re7+ Kg6 36.Rd1 gxf3 37.Nxf3 Nxf3+ 38.Kg2 Nh4+ 39.Kg1 Rg8 40.Rd3 Kh6+ 
41.Rg3 Rd8 42.Rxb7 Rd1+ 0-1

[Event "Nordic Youth Chess Championships 2022: Class A - U20"]
[Site "Scandic Helsingborg Nord, Florettgatan 41, Helsingborg, Sweden"]
[Date "2022.08.27"]
[Round "4.3"]
[White "Hausken, Andreas Skrede"]
[Black "Petersen, Daniel"]
[Result "1-0"]
[WhiteElo "2042"]
[BlackElo "1966"]
[TimeControl "90 minutes with 30 seconds increment per move."]
[WhiteFideId "1533100"]
[BlackFideId "1466577"]

1.e4 c5 2.c3 d5 3.exd5 Qxd5 4.d4 e6 5.Nf3 Nf6 6.Na3 Nc6 7.Be3 cxd4 8.Nb5 
Qd8 9.Nbxd4 Nxd4 10.Bxd4 Be7 11.Bd3 O-O 12.O-O b6 13.Qe2 Bb7 14.Rad1 Qc7 
15.Be5 Qc6 16.Bb5 Qe4 17.Qxe4 Bxe4 18.Nd4 Rac8 19.Ba6 Rc5 20.Bg3 Nh5 21.
Nb3 Rg5 22.Rd7 Nxg3 23.hxg3 Bc5 24.Nxc5 Rxc5 25.Rfd1 Bd5 26.c4 Bxc4 27.b4 
Bxa6 28.bxc5 bxc5 29.Rxa7 Bb5 30.Rc1 Rc8 31.Ra5 Bc6 32.Raxc5 Bd5 33.Rxc8# 
1-0

[Event "Nordic Youth Chess Championships 2022: Class A - U20"]
[Site "Scandic Helsingborg Nord, Florettgatan 41, Helsingborg, Sweden"]
[Date "2022.08.27"]
[Round "4.4"]
[White "Hannesarson, Silas G."]
[Black "Halvorsen, Benjamin"]
[Result "1-0"]
[WhiteElo "1651"]
[BlackElo "1767"]
[TimeControl "90 minutes with 30 seconds increment per move."]
[WhiteFideId "7203845"]
[BlackFideId "1516604"]

1.d4 f5 2.Bf4 Nf6 3.e3 g6 4.h4 h6 5.Nc3 Bg7 6.Qf3 O-O 7.Qg3 Kh7 8.Bxc7 Qe8
9.Bxb8 d6 10.Bxd6 Nh5 11.Qh2 exd6 12.O-O-O Qe6 13.Nh3 Nf6 14.Nf4 Qf7 15.
Bd3 b6 16.Rhg1 Bb7 17.g4 Ne4 18.Bxe4 fxe4 19.Rg2 Rac8 20.g5 Rxc3 21.bxc3 
Qxa2 22.gxh6 Rc8 23.Ne2 Bxh6 24.Qg3 Qe6 25.Rdg1 Ba6 26.Nf4 Bxf4 27.exf4 
Bd3 28.Qxg6+ Qxg6 29.Rxg6 Rxc3 30.R1g2 Rxc2+ 31.Kd1 Ra2 32.Rg7+ Kh6 33.f5 
Be2+ 34.Kc1 Bh5 35.Rg8 Kh7 36.R2g7+ Kh6 37.f6 1-0

[Event "Nordic Youth Chess Championships 2022: Class A - U20"]
[Site "Scandic Helsingborg Nord, Florettgatan 41, Helsingborg, Sweden"]
[Date "2022.08.27"]
[Round "4.5"]
[White "Koch-Muller, Oscar"]
[Black "Skahlberg Bjerknes-Lima De Faria, Warg"]
[Result "1-0"]
[WhiteElo "2077"]
[BlackElo "1778"]
[TimeControl "90 minutes with 30 seconds increment per move."]
[WhiteFideId "1447955"]
[BlackFideId "1738100"]

1.d4 Nf6 2.c4 c5 3.d5 b5 4.cxb5 a6 5.bxa6 g6 6.Nc3 Bxa6 7.e4 Bxf1 8.Kxf1 
d6 9.Nf3 Bg7 10.g3 O-O 11.Kg2 Nbd7 12.Qe2 Ng4 13.a4 Qb6 14.Nb5 c4 15.h3 
Nge5 16.Be3 Qb7 17.Nxe5 Nxe5 18.Bd4 Rfc8 19.Ra3 Ra6 20.Bxe5 Bxe5 21.Rc1 
Qd7 22.Rxc4 Rxc4 23.Qxc4 Bxb2 24.Ra2 Bf6 25.Nd4 Qb7 26.Nc6 Rb6 27.a5 Ra6 
28.Ra3 Ra8 29.a6 Qb6 30.a7 Qc7 31.Qb5 Kf8 32.Qb8+ Qc8 33.Qxc8+ 1-0